Map: Persephone LE

Players

Spoonmaster

  • Race: Protoss Protoss
  • League: Master
  • Spawn Location: 7:00

Huntedswarm - Winner!

  • Race: Zerg Zerg
  • League: Diamond
  • Spawn Location: 11:00

VOD

Have the link to the VOD?

Description

Time

  • Played on: May 6, 2025, 9:35 p.m.
  • Length: 10:41
Show
View Real Time Build Order
Export as new Build Order

Spoonmaster Protoss 

Build Orders: 1 Gate Expand, Oracle Opening, Chargelot Immortal 

Get SALT Encoding   

  12  0:00  Probe  
  13  0:12  Probe  
  14  0:20  Pylon  
  14  0:24  Probe  
  15  0:35  Probe  
  15  0:40  Gateway  
  16  0:43  Probe  
  16  0:48  Assimilator  
  17  0:52  Probe  
  18  1:04  Probe  
  19  1:16  Probe  
  20  1:25  Nexus  
  20  1:35  Cybernetics Core  
  20  1:37  Probe  
  21  1:44  Assimilator  
  21  1:49  Probe  
  21  1:52  Pylon  
  22  2:01  Adept, Probe  
  23  2:14  Probe  
  26  2:22  Stargate  
  26  2:24  Adept  
  26  2:26  Probe  
  29  2:38  Probe  
  29  2:39  Probe  
  31  2:50  Probe  
  32  2:51  Probe  
  32  2:52  Adept  
  35  2:58  Oracle  
  35  3:02  Probe  
  35  3:03  Probe  
  40  3:14  Warp Gate, Probe  
  40  3:15  Probe  
  40  3:19  Stalker  
  42  3:26  Probe  
  45  3:27  Probe  
  46  3:44  Pylon  
  46  3:48  Nexus  
  46  3:52  Pylon  
  46  3:58  Gateway  
  46  4:02  Probe x2  
  48  4:05  Twilight Council  
  48  4:07  Forge  
  48  4:14  Probe x2  
  50  4:18  Shield Battery  
  50  4:26  Probe x2  
  50  4:28  Pylon  
  50  4:29  Assimilator  
  50  4:30  Pylon  
  52  4:33  Blink  
  52  4:36  Robotics Facility  
  52  4:38  Probe  
  53  4:40  Probe  
  53  4:41  Protoss Ground Weapons Level 1, Shield Battery  
  54  4:50  Probe  
  55  4:53  Probe  
  56  5:02  Probe  
  56  5:05  Probe  
  58  5:08  Probe  
  58  5:11  Oracle  
  62  5:15  Probe  
  62  5:16  Gateway  
  62  5:17  Gateway, Probe  
  62  5:19  Gateway  
  64  5:21  Probe  
  64  5:24  Observer  
  64  5:27  Probe  
  67  5:29  Probe  
  67  5:34  Probe  
  69  5:36  Shield Battery  
  69  5:39  Probe  
  69  5:41  Probe  
  71  5:44  Assimilator  
  71  5:48  Templar Archives  
  71  5:51  Stalker  
  71  5:53  Probe x2  
  75  5:59  Immortal, Pylon  
  75  6:00  Stalker  
  75  6:03  Probe  
  78  6:08  Probe x2  
  84  6:12  Stalker x2  
  88  6:20  Probe x2  
  88  6:21  Stalker x2  
  88  6:24  Probe  
  95  6:29  Stalker, Assimilator  
  98  6:32  Probe  
  98  6:34  Assimilator, Probe  
  98  6:36  Probe  
  98  6:39  Pylon x2  
  100  6:43  Pylon  
  100  6:46  Probe  
  100  6:47  Templar Archives, Immortal  
  101  6:58  Pylon  
  101  7:00  Charge  
  105  7:01  Pylon  
  105  7:03  Gateway  
  105  7:06  Gateway  
  103  7:09  Probe x2  
  103  7:10  Probe  
  103  7:12  Gateway  
  102  7:21  Immortal, Probe  
  102  7:22  Probe x2  
  99  7:32  Stalker x5  
  99  7:33  Probe  
  99  7:34  Probe x2  
  99  7:35  Protoss Ground Weapons Level 2  
  116  7:45  Probe  
  116  7:46  Probe  
  116  7:47  Pylon  
  116  7:49  Pylon  
  118  7:51  Gateway  
  118  7:53  Photon Cannon  
  118  7:54  Gateway  
  118  7:56  Shield Battery, Photon Cannon  
  118  7:58  Photon Cannon  
  118  8:05  Zealot x4  
  126  8:10  Zealot x2  
  126  8:11  Zealot x2  
  131  8:15  Probe  
  131  8:16  Probe x2  
  131  8:18  Photon Cannon  
  130  8:22  Oracle  
  130  8:25  Zealot x2  
  130  8:26  Zealot  
  139  8:31  Zealot x2  
  139  8:32  Zealot  
  131  8:39  Psionic Storm  
  131  8:41  Zealot x2  
  131  8:47  High Templar x3  
  131  8:48  High Templar  
  137  8:52  Immortal, Pylon  
  137  8:54  Sentry  
  143  9:11  Zealot x4  
  143  9:15  Zealot  
  141  9:21  Zealot x5  
  142  9:31  Observer  
  120  9:33  Zealot  
  120  9:34  Zealot x3  
  120  9:35  Zealot  
  117  9:44  Zealot x4  
  99  9:58  Zealot x5  
  100  10:12  Zealot, Archon  
  100  10:13  Zealot x2  
  91  10:20  Zealot x4  
  91  10:21  Zealot  
Show
View Real Time Build Order
Export as new Build Order

Huntedswarm Zerg - Winner!

Build Orders: Hatch First 

Get SALT Encoding   

  12  0:00  Drone  
  13  0:09  Drone  
  14  0:20  Overlord  
  14  0:23  Extractor, Drone  
  15  0:39  Drone  
  16  0:49  Hatchery  
  15  0:52  Drone  
  15  0:56  Drone  
  17  1:09  Drone  
  17  1:10  Extractor  
  17  1:18  Spawning Pool, Drone  
  16  1:22  Drone  
  18  1:26  Drone  
  19  1:37  Drone  
  20  1:48  Drone  
  21  2:10  Queen x2  
  21  2:11  Drone x3  
  21  2:12  Overlord  
  28  2:29  Hatchery  
  27  2:31  Drone  
  28  2:37  Metabolic Boost  
  28  2:38  Zergling x2  
  28  2:41  Zergling x2  
  28  2:44  Zergling x2  
  31  2:49  Drone  
  31  2:51  Overlord  
  32  3:03  Drone x3  
  35  3:12  Evolution Chamber  
  35  3:14  Evolution Chamber, Drone x2  
  35  3:25  Queen  
  37  3:30  Drone x5  
  37  3:33  Overlord  
  42  3:37  Overlord  
  42  3:44  Queen  
  42  3:46  Drone  
  42  3:48  Drone  
  46  3:50  Drone  
  47  3:55  Drone  
  47  4:00  Queen  
  50  4:06  Spore Crawler  
  50  4:07  Spore Crawler  
  48  4:15  Lair  
  48  4:17  Drone x5  
  48  4:18  Extractor  
  48  4:19  Drone  
  53  4:28  Zergling x4  
  53  4:29  Zergling x4  
  57  4:33  Extractor, Drone  
  57  4:34  Drone x3  
  57  4:35  Extractor  
  57  4:36  Drone  
  60  4:41  Zerg Melee Weapons Level 1  
  58  4:50  Spore Crawler  
  55  5:01  Drone x2  
  55  5:02  Drone  
  58  5:10  Zerg Ground Armor Level 1  
  58  5:11  Zergling x2  
  58  5:12  Zergling x4, Drone x4  
  65  5:15  Overlord x3  
  65  5:32  Queen  
  67  5:39  Hydralisk Den, Hatchery  
  67  5:42  Drone x6  
  71  5:48  Drone x3  
  74  5:50  Drone  
  74  5:51  Drone x2  
  74  5:53  Drone  
  74  5:54  Drone  
  74  5:56  Drone  
  80  6:12  Drone  
  80  6:13  Drone x8  
  80  6:16  Extractor x2  
  80  6:17  Grooved Spines  
  87  6:19  Hydralisk  
  87  6:21  Overlord x2  
  87  6:23  Overlord  
  89  6:42  Hydralisk x3, Zergling x2  
  89  6:43  Zergling x6  
  99  6:50  Hydralisk x5, Zerg Missile Weapons Level 1  
  109  6:56  Hydralisk  
  109  6:58  Overlord x2  
  111  7:01  Overlord  
  111  7:07  Muscular Augments  
  107  7:08  Hydralisk x2  
  108  7:20  Hydralisk x6, Zergling x6  
  108  7:21  Zergling x4  
  120  7:35  Hydralisk x2, Zergling x2  
  120  7:36  Hydralisk x2, Zergling x10  
  132  7:41  Zergling x2  
  133  7:48  Zerg Ground Armor Level 2  
  133  7:54  Hydralisk  
  133  7:55  Zergling x2  
  133  7:57  Overlord x4  
  136  8:11  Zergling x2  
  133  8:17  Hydralisk x2  
  133  8:18  Hydralisk x4, Zergling x10  
  133  8:19  Zergling x4  
  152  8:25  Overseer  
  139  8:34  Zergling x18  
  144  8:44  Zergling x4  
  144  8:48  Zergling x8  
  136  8:54  Queen  
  139  9:01  Zergling x2  
  139  9:02  Zergling x8  
  140  9:21  Zergling x18  
  137  9:30  Zergling x14  
  140  9:37  Zergling x12  
  141  9:42  Zergling x2  
  127  9:58  Zergling x24  
  125  10:15  Zergling x12  
  125  10:20  Drone x7  
Tags
 
Add a new tag
Caveats
  • Supply blocks, unpowered buildings, or Contaminate may cause inaccurate times.
  • Supply counts are checked every 10 seconds.